 Dungeon Crawl Stone Soup version 0.32-a0-630-g46d191b0ed (webtiles) character file.

Game seed: 24190775622350933

37 dialectric the Sneak (level 3, -10/28 HPs)
             Began as a Demonspawn Brigand on Mar 6, 2024.
             Mangled by Eustachio
             ... wielding a +1 falchion of electrocution
              (14 damage)
             ... on level 4 of the Dungeon.
             The game lasted 00:01:13 (1347 turns).

dialectric the Sneak (Demonspawn Brigand)           Turns: 1347, Time: 00:01:14

Health: -10/28     AC:  3    Str: 11    XL:     3   Next: 21%
Magic:  3/3        EV: 12    Int: 11    God:
Gold:   53         SH:  0    Dex: 16    Spells: 2/2 levels left

rFire   + . .        a - +2 dagger
rCold   . . .        (no shield)
rNeg    . . .        b - +0 robe
rPois   .            (no helmet)
rElec   .            c - +0 cloak
rCorr   .            (no gloves)
SInv    .            (no boots)
Will    .....        k - amulet of magic regeneration
Stlth   +++          f - ring of protection from fire
HPRegen 0.24/turn    (no ring)
MPRegen 0.56/turn

%: no passive effects
@: no status effects
A: magic regeneration, demonic touch 1
a: no special abilities


You were on level 4 of the Dungeon.
You visited 1 branch of the dungeon, and saw 3 of its levels.

You collected 53 gold pieces.

Inventory:

Hand Weapons
 a - a +2 dagger (weapon)
Missiles
 d - 12 poisoned darts
 e - a curare-tipped dart (quivered)
Armour
 b - a +0 robe (worn)
 c - a +0 cloak (worn)
Jewellery
 f - a ring of protection from fire (left hand)
 k - an amulet of magic regeneration (around neck)
Wands
 l - a wand of warping (4)
Scrolls
 h - a scroll of immolation {unknown}
 i - a scroll of teleportation {unknown}
 j - a scroll of fog {unknown}
 m - a scroll of amnesia {unknown}
Potions
 g - a potion of lignification {unknown}
 n - a potion of berserk rage {unknown}
 o - a potion of curing {unknown}


   Skills:
 + Level 2.4 Fighting
 + Level 2.1 Short Blades
 + Level 2.1 Throwing
 + Level 1.3 Dodging
 + Level 3.9 Stealth


You had 2 spell levels left.
You didn't know any spells.
Your spell library was empty.

Dungeon Overview and Level Annotations

Branches:
Dungeon (2/15)

Altars:

Shops:
D:1 [

Annotations:
D:4 Eustachio, Natasha


Innate Abilities, Weirdness & Mutations

You regenerate magic rapidly.
Your touch may inflict minor irresistible damage on your foes.


Message History

You hit the ribbon worm.
You touch the ribbon worm!
You kill the ribbon worm!
Unknown command.
You see here a ribbon worm corpse.
e - 3 curare-tipped darts (gained 1)
You now have 53 gold pieces (gained 16).
n - a viscous golden potion No target in view!
Found a stone staircase leading up.
No target in view!
There is a stone staircase leading up here.
A malevolent force fills the Dungeon...
You fall into a shaft and drop 2 floors!
The shaft crumbles and collapses.
Found a smoky puce potion.
o - a smoky puce potion You open the door.
Natasha, Servant of Life and Death comes into view.
There is an open door here.
Eustachio the Magnificent comes into view.
He is wielding a +1 falchion of electrocution and wearing a +0 leather armour of poison resistance.
Eustachio shouts!
Eustachio hits you with a +1 falchion of electrocution!
You are electrocuted!
Unknown command.
Throw: 3 darts (curare)
Press: ? - help, Q - select action, (/) - cycle Shift-Dir - straight line, f - Eustachio
Aim: Eustachio, wielding a +1 falchion of electrocution and wearing a +0 leather armour of poison resistance (48% to hit)
You throw a curare-tipped dart. The curare-tipped dart hits Eustachio.
Unknown command.
Throw: 2 darts (curare)
Press: ? - help, Q - select action, (/) - cycle Shift-Dir - straight line, f/p - Eustachio
Aim: Eustachio, wielding a +1 falchion of electrocution and wearing a +0 leather armour of poison resistance (48% to hit)
You throw a curare-tipped dart.
The curare-tipped dart misses Eustachio.
Eustachio hits you with a +1 falchion of electrocution.
* * * LOW HITPOINT WARNING * * *
You are electrocuted!
Ouch! That really hurt!
You die...
Eustachio twirls his moustache.

..(..# ....#
....# ....+
#...# #...#
....#
#@..#.....#
#@..#.....#
#...+.....# #
#.###.....#
#...##.#.....#
........'.....#
..h.....#.....#
........#.....#
........#.....#
........#.....#


You could see Eustachio.

Vanquished Creatures
  2 dart slugs (D:1)
  2 ribbon worms (D:2)
  3 ball pythons (D:1)
  An endoplasm (D:1)
  A giant cockroach (D:1)
  A goblin (D:1)
  2 hobgoblins
  4 jackals (D:1)
  A quokka (D:1)
  2 bats
  2 frilled lizards
  2 kobolds
  5 rats
28 creatures vanquished.

Notes
Turn   | Place    | Note
-------+----------+-------------------------------------------
     0 | D:1      | dialectric the Demonspawn Brigand began the quest for the
                  | Orb.
     0 | D:1      | Reached XP level 1. HP: 16/16 MP: 1/1
    25 | D:1      | Reached skill level 1 in Dodging
   117 | D:1      | Found Hulaeraucu's Antique Armour Emporium.
   163 | D:1      | Gained mutation: You regenerate magic rapidly. [demonic
                  | ancestry]
   163 | D:1      | Reached XP level 2. HP: 10/22 MP: 2/2
  1144 | D:2      | Gained mutation: Your touch may inflict minor irresistible
                  | damage on your foes. [demonic ancestry]
  1144 | D:2      | Reached XP level 3. HP: 28/28 MP: 3/3
  1334 | D:2      | You fall into a shaft and drop 2 floors!
  1341 | D:4      | Noticed Natasha
  1342 | D:4      | Noticed Eustachio
  1347 | D:4      | Mangled by Eustachio

Illustrated notes

Levels and vault maps discovered:
D:1:      scummos_arrival_hexagon, layout_basic, serial_curves, eino_curves_02,
          eino_curves_01, eino_curves_03, serial_shops, shop,
          grunt_decor_one_mirror
D:2:      layout_loops_ring, uniq_jessica
D:4:      layout_gridville, kennysheep_generic_room_12, uniq_ijyb,
          uniq_menkaure, uniq_natasha, uniq_eustachio

Skill      XL: |  1  2 |
---------------+-------+-----
Dodging        | 1 |  1.3
Throwing       | 2 |  2.1
Short Blades   | 2 |  2.1
Fighting       | |  2.4
Stealth        | |  3.9

Action                     || total
---------------------------++-------
  Melee: Dagger            ||    95
         Touch             ||     1
  Throw: Dart              ||     3
   Stab: Sleeping          ||     8
 Armour: Robe              ||    45
  Dodge: Dodged            ||    45

Table legend: (Time is in decaauts)
 A = Elapsed time spent in this place.
 B = Non-inter-level travel time spent in this place.
 C = Inter-level travel time spent in this place.
 D = Time resting spent in this place.
 E = Time spent auto-exploring this place.
 F = Levels seen in this place.
 G = Mean time per level.
                   A        B        C        D        E       F      G
               +--------+--------+--------+--------+--------+-----+--------+
         Total |   1336 |   1287 |     49 |     38 |   1017 |   3 |  445.3 |
       Dungeon |   1336 |   1287 |     49 |     38 |   1017 |   3 |  445.3 |
               +--------+--------+--------+--------+--------+-----+--------+

Top non-repeatable levels by time:
     D:1: 1014 daAuts
     D:2: 310 daAuts
     D:4: 12 daAuts
